 Dungeon Crawl Stone Soup version 0.20.1-1-g8b1a95d (webtiles) character file.

56 Phantomfrettchen the Sneak (level 3, -1/23 HPs)
             Began as an Octopode Transmuter on Oct 2, 2017.
             Slain by a gnoll
             ... wielding a +0 halberd
              (13 damage)
             ... on level 3 of the Dungeon.
             The game lasted 00:06:24 (2062 turns).

Phantomfrettchen the Sneak (Octopode Transmuter)    Turns: 2062, Time: 00:06:25

Health: -1/23      AC:  1    Str:  9    XL:     3   Next: 95%
Magic:  0/6        EV: 14    Int: 15    God:
Gold:   77         SH:  0    Dex: 18    Spells: 3/6 levels left

rFire    . . .     SeeInvis .     - Unarmed
rCold    . . .     Gourm    .   (no shield)
rNeg     . . .     Faith    .   (helmet restricted)
rPois    .         Spirit   .   (no amulet)
rElec    .         Reflect  .   d - +5 ring of dexterity
rCorr    .         Harm     .   (no ring)
MR       .....                  (no ring)
Stlth    ++++......             (no ring)
Regen    0.1/turn               (no ring)
MPRegen  0.1/turn               (no ring)
                                (no ring)
                                (no ring)

@: appendage, very slightly contaminated
A: almost no armour, stealthy swim, amphibious, 8 rings, constrict 8, tentacle
spike 3, camouflage 1, gelatinous body 1
a: End Transformation


You were on level 3 of the Dungeon.
You were hungry.
One of your tentacles had a temporary spike.
You visited 1 branch of the dungeon, and saw 3 of its levels.

You collected 77 gold pieces.

Inventory:

Hand Weapons
 n - a +0 hunting sling
Missiles
 a - 10 arrows
 e - 67 stones (quivered)
 j - 2 tomahawks
 m - 5 javelins
Jewellery
 d - a +5 ring of dexterity (left tentacle)
Scrolls
 i - 2 scrolls of identify {unknown}
 k - a scroll of blinking {unknown}
 l - a scroll of recharging {unknown}
 o - a scroll of fear {unknown}
Potions
 h - a potion of ambrosia {unknown}
Books
 b - a book of Changes

   Spells                             Type                      Level
   a - Beastly Appendage              Transmutation                1
   b - Sticks to Snakes               Transmutation                2
   c - Spider Form                    Transmutation/Poison         3
   d - Ice Form                       Ice/Transmutation            4
   e - Blade Hands                    Transmutation                5
Comestibles
 c - 4 bread rations
 f - 3 chunks of flesh
 g - 4 fruits


   Skills:
 + Level 1.5 Fighting
 - Level 2.0 Dodging
 + Level 3.6 Stealth
 - Level 3.4 Unarmed Combat
 - Level 2.0 Spellcasting
 - Level 2.1 Transmutations


You had 3 spell levels left.
You knew the following spells:

 Your Spells              Type           Power        Failure   Level  Hunger
a - Beastly Appendage     Tmut           #.....       10%         1    #......
b - Sticks to Snakes      Tmut           #.......     14%         2    ###....


Dungeon Overview and Level Annotations

Branches:
Dungeon (3/15)

Altars:
Dithmenos
Nemelex Xobeh


Innate Abilities, Weirdness & Mutations

You cannot wear most types of armour.
You are very stealthy in the water. (Stealth+)
You are amphibious.
You can wear up to eight rings at the same time.
You can use your tentacles to constrict eight enemies at once.
Your skin changes colour to match your surroundings (Stealth+).
Your rubbery body absorbs attacks. (AC +1, EV +1)
One of your tentacles bears a large vicious spike.


Message History

You swap places.
Your ball python bites the gnoll but does no damage.
Your ball python barely misses the gnoll.
Casting: Sticks to Snakes
Confirm with . or Enter, or press ? or * to list all spells.
You don't have enough magic to cast that spell.
The gnoll hits your ball python with a halberd!
Your ball python dies!
Found a scroll labeled QIVOONG IWILO.
Your tentacle spike disappears.
The gnoll misses you.
Casting: Sticks to Snakes
Confirm with . or Enter, or press ? or * to list all spells.
One of your tentacles grows a vicious spike.
The gnoll barely misses you. The gnoll misses you. x2
You barely miss the gnoll. You grab the gnoll. You constrict the gnoll.
The gnoll barely misses you. The gnoll hits you with a halberd!
Ouch! That really hurt!
You die...

##.#........#####..
#.#...............
####.#..........)8...
#...#.....>.....8.8..
#.ยง...#.####...8._.8.
#...#Kg.gg......8.8..
#..ggg#.######...8...
####g##.# #....$..
#@##.. ...####.
#.##### #.g$# . #.#
#gg.. #.# ##Kg## ..?
#..# #.# #.# #.# #.#


You could see 4 gnolls, a hobgoblin and a kobold.

Vanquished Creatures
  2 adders (D:2)
  A dart slug (D:2)
  A leopard gecko (D:2)
  4 bats
  2 giant cockroaches (D:2)
  4 goblins
  4 hobgoblins
  6 kobolds
  2 quokkas
  3 frilled lizards (D:1)
  5 rats
34 creatures vanquished.

Notes
Turn   | Place    | Note
-------+----------+-------------------------------------------
     0 | D:1      | Phantomfrettchen the Octopode Transmuter began the quest for the Orb.
     0 | D:1      | Reached XP level 1. HP: 13/13 MP: 3/3
   543 | D:1      | Reached XP level 2. HP: 18/18 MP: 3/5
   550 | D:1      | Learned a level 2 spell: Sticks to Snakes
  1153 | D:2      | Reached skill level 1 in Stealth
  1220 | D:2      | Reached XP level 3. HP: 12/23 MP: 4/6
  1555 | D:2      | HP: 1/23 [poisoned by an adder]
  1562 | D:2      | HP: 1/23 [poisoned by an adder]
  1742 | D:2      | Found a sparkling altar of Nemelex Xobeh.
  2021 | D:3      | Found a faded altar of an unknown god.
  2048 | D:3      | Found a shadowy altar of Dithmenos.
  2062 | D:3      | Slain by a gnoll

Skill      XL: |  1  2  3 |
---------------+----------+-----
Stealth        | 2 3 |  3.6
Fighting       | |  1.5
Dodging        | |  2.0
Unarmed Combat | |  3.4
Spellcasting   | |  2.0
Transmutations | |  2.1

Action                   || total
-------------------------++-------
Melee: Unarmed           ||    77
       Constrict         ||    28
       Tentacles         ||    15
       Kick              ||     8
       Punch             ||     1
 Cast: Beastly Appendage ||    10
       Sticks to Snakes  ||     2
  Use: Potion            ||     2
 Stab: Sleeping          ||     5
  Eat: Chunk             ||     3
Armor: Skin              ||    10
Dodge: Dodged            ||    74
